 Dungeon Crawl Stone Soup version 0.17.0-15-g6d90897 (webtiles) character file.

170 timbw the Chopper (level 5, -12/45 HPs)
             Began as a Minotaur Fighter on Nov 10, 2015.
             Mangled by an ogre
             ... wielding a +0 giant club
              (13 damage)
             ... on level 5 of the Dungeon.
             The game lasted 00:03:16 (659 turns).

timbw the Chopper (Minotaur Fighter)                 Turns: 659, Time: 00:03:16

Health: -12/45     AC:  6    Str: 20    XL:     5   Next: 25%
Magic:  4/4        EV:  7    Int:  5    God:
Gold:   59         SH:  0    Dex: 11    Spells: 0 memorised, 4 levels left

rFire  . . .     SeeInvis .     a - +0 war axe
rCold  . . .     Clarity  .     b - +0 scale mail
rNeg   . . .     SustAt   .     c - +0 shield
rPois  .         Gourm    .     (helmet restricted)
rElec  .         Spirit   .     (no cloak)
rCorr  .         Warding  .     (no gloves)
rMut   .         Stasis   .     (no boots)
MR     .....                    (no amulet)
Stlth  ..........               (no ring)
                                (no ring)

@: confused, not resistant to hostile enchantments, extremely unstealthy
A: retaliatory headbutt, horns 2
a: no special abilities


You were on level 5 of the Dungeon.
You were not hungry.

You visited 1 branch of the dungeon, and saw 5 of its levels.

You collected 59 gold pieces.

Inventory:

Hand Weapons
 a - a +0 war axe (weapon)
Missiles
 o - 19 poisoned needles
Armour
 b - a +0 scale mail (worn)
 c - a +0 shield (worn)
Jewellery
 h - an uncursed ring of fire
Scrolls
 d - a scroll of blinking {unknown}
 i - 2 scrolls of recharging {unknown}
 k - a scroll of magic mapping {unknown}
 l - a scroll of identify {unknown}
 m - 3 scrolls of remove curse {unknown}
Potions
 g - a potion of agility {unknown}
 p - a potion of poison {unknown}
Books
 n - a Necronomicon

   Spells                             Type                      Level
   a - Haunt                          Necromancy/Summoning         7
   b - Borgnjor's Revivification      Necromancy                   8
   c - Death's Door                   Charms/Necromancy            8
   d - Necromutation                  Transmutation/Necromancy     8
Comestibles
 e - a bread ration
 j - 4 chunks of flesh


   Skills:
 - Level 3.6 Fighting
 + Level 6.7 Axes
 - Level 3.6 Armour
 - Level 3.6 Shields


You had 4 spell levels left.
You didn't know any spells.

Dungeon Overview and Level Annotations

Branches:
Dungeon (5/15)
 Temple: D:4-7

Altars:
Fedhas
Kikubaaqudgha
Okawaru


Innate Abilities, Weirdness & Mutations

You reflexively headbutt those who attack you in melee.
You have a pair of horns on your head.


Message History

You are confused.
Found a dagger.
You bump into the rock wall.
The phantom hits you!
* * * LOW HITPOINT WARNING * * *
An orc wizard comes into view. It is wielding a dagger.
The orc wizard shouts!
The orc wizard gestures wildly while chanting.
The orc wizard flickers and vanishes!
Deactivating autopickup; reactivate with Ctrl-A.
The phantom hits you.
* * * LOW HITPOINT WARNING * * *
The orc wizard mumbles some strange words.
The orc wizard flickers and vanishes!
The ogre hits you with a giant club!
* * * LOW HITPOINT WARNING * * *
The phantom hits you but does no damage.
Drink which item? (? for menu, Esc to quit)
It was a potion of cure mutation.
It has a very clean taste.
The ogre hits you with a giant club!
You die...

.. .###... .. #..........
##'#########.. .).).#
#..o.........##.._..#
#.............#.).).#
.o.o..o...$.........
#####..##.##.##...## .
....#[.##'##.##W...#....
....#.......oo.O@.......
....#........{..........
....'.............[.....
....#.....#########.....
....#.....#.......#.....
....#.....#.......########
######'####..........[...#
...##.....#..............#
....#.....#..............#


You could see a phantom, an ogre and 2 orcs.

Vanquished Creatures
  A phantom (D:5)
  A hound (D:5)
  A worker ant (D:5)
  A bat (D:3)
  A giant cockroach (D:2)
  4 hobgoblins
  3 jackals (D:5)
  4 kobolds
  A giant newt (D:4)
  3 rats
20 creatures vanquished.

Notes
Turn   | Place    | Note
--------------------------------------------------------------
     0 | D:1      | timbw the Minotaur Fighter began the quest for the Orb.
     0 | D:1      | Reached XP level 1. HP: 19/19 MP: 0/0
   116 | D:1      | Reached XP level 2. HP: 17/26 MP: 1/1
   447 | D:5      | Entered Level 5 of the Dungeon
   469 | D:5      | Noticed a phantom
   483 | D:5      | Reached skill level 4 in Axes
   483 | D:5      | Reached XP level 3. HP: 15/31 MP: 2/2
   489 | D:5      | Killed a phantom
   489 | D:5      | Reached skill level 6 in Axes
   489 | D:5      | Reached XP level 4. HP: 17/39 MP: 3/3
   489 | D:5      | Reached XP level 5. HP: 19/45 MP: 4/4
   500 | D:5      | Found a blossoming altar of Fedhas.
   500 | D:5      | Found an ancient bone altar of Kikubaaqudgha.
   638 | D:5      | Noticed a phantom
   638 | D:5      | Noticed an ogre
   650 | D:5      | Found an iron altar of Okawaru.
   657 | D:5      | HP: 1/45 [ogre/giant club (8)]
   659 | D:5      | Mangled by an ogre

Action                   |  1- 3 |  4- 6 || total
-------------------------+-------+-------++-------
Melee: War axe           |    40 |    17 ||    57
  Use: Potion            |     1 |     1 ||     2
